 Dungeon Crawl Stone Soup version 0.28.0-53-g5a82cb258f (webtiles) character file.

Game seed: 13751607624909870623

23 issech the Chopper (level 2, -4/27 HPs)
             Began as a Minotaur Monk on June 1, 2022.
             Slain by a shadow imp (6 damage)
             ... summoned by Natasha
             ... on level 2 of the Dungeon.
             The game lasted 00:03:48 (1256 turns).

issech the Chopper (Minotaur Monk)                  Turns: 1256, Time: 00:03:49

Health: -4/27      AC:  0    Str: 15    XL:     2   Next: 75%
Magic:  1/1        EV: 15    Int:  7    God:
Gold:   124        SH:  0    Dex: 12    Spells: 1/1 levels left

rFire   . . .      SeeInvis .   (weapon currently unavailable)
rCold   . . .      Faith    .   (shield currently unavailable)
rNeg    . . .      Spirit   .   (armour currently unavailable)
rPois   .          Reflect  .   (helmet currently unavailable)
rElec   .          Harm     .   (cloak currently unavailable)
rCorr   .          Rampage  .   (gloves currently unavailable)
Will    .....                   (boots currently unavailable)
Stlth   ++........              (no amulet)
HPRegen 0.09/turn               (ring currently unavailable)
MPRegen 0.07/turn               (ring currently unavailable)

@: pig-form, very quick
A: fast, no casting, small, (horns 2), (retaliatory headbutt)
a: no special abilities


You were on level 2 of the Dungeon.
You were a filthy swine.
You visited 1 branch of the dungeon, and saw 2 of its levels.

You collected 124 gold pieces.

Inventory:

Hand Weapons
 a - a +0 hand axe (melded)
 f - a +0 hunting sling
 o - a +0 short sword of holy wrath
Missiles
 c - 33 stones (quivered)
 k - 19 sling bullets
Armour
 b - a +0 robe
 i - a +0 leather armour (melded)
Magical Staves
 l - a staff of poison
Jewellery
 e - a ring of see invisible (melded)
 g - a ring of ice
 j - a ring of wizardry (melded)
Scrolls
 d - a scroll of enchant weapon {unknown}
 h - a scroll of brand weapon {unknown}
Potions
 m - a potion of curing {unknown}
 n - a potion of brilliance {unknown}


   Skills:
 + Level 4.0 Fighting
 + Level 4.1 Axes
 + Level 3.7 Dodging
 + Level 1.7 Stealth


You had one spell level left.
You didn't know any spells.
Your spell library contained the following spells:

 Spells                   Type           Power      Damage    Failure   Level
 Foxfire                  Conj/Fire      0%         2x1d4     43%         1
 Conjure Flame            Conj/Fire      0%         6-21      80%         3
 Inner Flame              Hex/Fire       0%         N/A       80%         3
 Flame Wave               Conj/Fire      0%         2d4       99%         4


Dungeon Overview and Level Annotations

Branches:
Dungeon (2/15)

Altars:

Shops:
D:1 [   D:2 =(

Annotations:
D:2 Natasha


Innate Abilities, Weirdness & Mutations

You are a filthy swine.
You move quickly.
Your equipment is almost entirely melded.
You are incapable of wielding weapons or throwing items.
You cannot cast spells.
((You have a pair of horns on your head.))
((You reflexively headbutt those who attack you in melee.))


Message History

You hit the kobold.
You kill the kobold!
You closely miss the kobold.
You headbutt the kobold, but do no damage.
The kobold hits you but does no damage.
You closely miss the kobold. Your headbutt misses the kobold.
The kobold hits you with a +0 club.
You hit the kobold.
You kill the kobold!
c - 33 stones (gained 4)
Things that are here:
a +0 club; a +0 short sword; a kobold corpse Your +0 short sword of holy wrath stops glowing.
a - a +0 hand axe (weapon)
Found 10 gold pieces.
There is an entrance to Cupoh's Jewellery Emporium here.
You can access your shopping list by pressing '$'.
Okay, then.
You start resting.
Natasha, Servant of Life and Death comes into view.
She is carrying a wand of polymorph (12).
Natasha hisses angrily.
Natasha casts a spell at you. The magic dart hits you.
Natasha zaps a wand.
You turn into a filthy swine.
Your +0 hand axe melds into your body.
Your +0 leather armour melds into your body.
Your ring of see invisible melds into your body.
Your ring of wizardry melds into your body.
Natasha mumbles some strange words.
You hit Natasha but do no damage.
Natasha mumbles some strange words.
You miss Natasha. Natasha barely misses you. The shadow imp closely misses you.
You closely miss Natasha. Natasha claws you. The shadow imp hits you.
You hit Natasha.
Natasha is lightly wounded.
Natasha stares at you and mumbles some strange words.
The magic dart hits you!
* * * LOW HITPOINT WARNING * * *
The shadow imp hits you.
You die...

#. ..# #. ..# #. #.#
#. #.# ##### #. #$.
...# ####. #5#
#####.####....
###h###.............
#.5h........####....
#.#...#)....# ##...
#..#.#....#.# ##..
#...∩.....#.# ##.
#..#.#....#.# #.
#.#...#..##.# #†
#...........# #'
####........# #..
##.##.#.## #...


You could see Natasha and 2 shadow imps.

Vanquished Creatures
  An endoplasm (D:2)
  3 goblins
  A quokka (D:2)
  A ball python (D:1)
  4 bats (D:1)
  2 frilled lizards (D:1)
  8 kobolds
  3 rats (D:1)
23 creatures vanquished.

Vanquished Creatures (others)
  A fungus (D:1)
  2 plants (D:1)
3 creatures vanquished.

Grand Total: 26 creatures vanquished

Notes
Turn   | Place    | Note
-------+----------+-------------------------------------------
     0 | D:1      | issech the Minotaur Monk began the quest for the Orb.
     0 | D:1      | Reached XP level 1. HP: 19/19 MP: 0/0
   304 | D:1      | Reached XP level 2. HP: 27/27 MP: 1/1
   640 | D:1      | Found a faded altar of an unknown god.
   664 | D:1      | Found Goaloumm's Armour Emporium.
   988 | D:2      | Found Plog's Antique Weapon Shoppe.
  1215 | D:2      | Found Cupoh's Jewellery Emporium.
  1246 | D:2      | Noticed Natasha
  1256 | D:2      | Slain by a shadow imp

Illustrated notes

Levels and vault maps discovered:
D:1:      dpeg_arrival_windows_large_door, layout_basic,
          dreamdust_ecumenical_altar_hidden_monk_grotto, serial_shops,
          nicolae_shop_trees, hangedman_decor_growths, grunt_decor_resistance
D:2:      layout_loops_corners, serial_shops, nicolae_shop_window_shopping,
          shop, nicolae_shop_advertising_works [nicolae_subvault_shop_adworks],
          shop, nicolae_figureground_pulse, uniq_natasha, uniq_sigmund

Skill      XL: |  1  2 |
---------------+-------+-----
Fighting       | 4 |  4.0
Axes           | 4 |  4.1
Dodging        | |  3.7
Stealth        | |  1.7

Action                   || total
-------------------------++-------
Melee: Hand axe          ||    50
       Headbutt          ||     9
       Short sword       ||     5
       Unarmed           ||     4
 Stab: Sleeping          ||     1
Armor: Robe              ||     5
       Leather armour    ||     4
Dodge: Dodged            ||    29
